 Dungeon Crawl Stone Soup version 0.23-a0-389-g4a5eb334b0 (webtiles) character file.

46 LostNumber the Sneak (level 3, 0/22 HPs)
             Began as a Kobold Assassin on Oct 30, 2018.
             Was an Initiate of Qazlal.
             Slain by a gnoll
             ... wielding a +0 whip
              (5 damage)
             ... on level 1 of the Dungeon.
             The game lasted 00:05:23 (1529 turns).

LostNumber the Sneak (Kobold Assassin)              Turns: 1529, Time: 00:05:24

Health: 0/22       AC:  4    Str:  9    XL:     3   Next: 95%
Magic:  3/3        EV: 14    Int: 12    God:    Qazlal [......]
Gold:   104        SH:  0    Dex: 16    Spells: 2/2 levels left

rFire    . . .     SeeInvis .   a - +2 dagger
rCold    . . .     Gourm    .   (shield restricted)
rNeg     . . .     Faith    .   c - +0 robe
rPois    .         Spirit   .   m - +0 helmet (curse)
rElec    .         Reflect  .   d - +0 cloak
rCorr    .         Harm     .   (no gloves)
MR       .....                  (no boots)
Stlth    +++.......             (no amulet)
HPRegen  0.07/turn              (no ring)
MPRegen  0.08/turn              (no ring)

@: no status effects
A: small, carnivore
a: Renounce Religion


You were on level 1 of the Dungeon.
You worshipped Qazlal.
Qazlal was noncommittal.
You were completely stuffed.

You visited 1 branch of the dungeon, and saw 2 of its levels.

You collected 104 gold pieces.

Inventory:

Hand Weapons
 a - a +2 dagger (weapon)
 b - a +0 blowgun
Missiles
 e - 8 poisoned needles
 f - 2 curare-tipped needles
Armour
 c - a +0 robe (worn)
 d - a +0 cloak (worn)
 m - a cursed +0 helmet (worn)
Scrolls
 h - 3 scrolls of identify {unknown}
 j - a scroll of remove curse {unknown}
 k - 2 scrolls of fear {unknown}
 n - a scroll of teleportation {unknown}
 o - a scroll of enchant armour {unknown}
Potions
 i - 4 potions of curing {unknown}
 l - a potion of lignification {unknown}
 p - a potion of heal wounds {unknown}
Comestibles
 g - 4 rations


   Skills:
 + Level 2.9 Fighting
 * Level 4.2 Short Blades
 + Level 2.7 Throwing
 - Level 1.2 Dodging
 - Level 5.3 Stealth


You had 2 spell levels left.
You didn't know any spells.
Your spell library was empty.

Dungeon Overview and Level Annotations

Branches:
Dungeon (2/15)

Altars:
Qazlal
Wu Jian


Innate Abilities, Weirdness & Mutations

You are small and have problems with some larger weapons.
You are carnivorous and can eat meat at any time.


Message History

The gnoll is lightly wounded.
The gnoll barely misses you.
You hit the gnoll.
The gnoll is moderately wounded.
The gnoll hits you with a +0 whip!
You are too injured to fight recklessly!
You are too injured to fight recklessly!
You are too injured to fight recklessly!
The gnoll hits you with a +0 whip!
* * * LOW HITPOINT WARNING * * *
There is a stone staircase leading up here.
The gnoll closely misses you.
You climb upwards.
There is a stone staircase leading down here.
You see here 19 stones.
There is a stone staircase leading down here.
You see here 19 stones.
There is a stone staircase leading down here.
The gnoll hits you with a +0 whip.
You die...

#.# #...≈
##)###.#..
#...##.##.
#...##.###
#...##....
###########.##..≈.
#.......###.##..#≈
#.##............#≈
#@##(##..........≈
#g##.#............
#.#..#.####.###...
#>#.##.# #......#
#......# #.#..≈≈#
#.#.#### #.##.#≈≈
##....## #.##.#.≈
#......#####.##...#
#.............###..


You could see a gnoll.

Vanquished Creatures
  A gnoll (D:2)
  A giant cockroach (D:2)
  5 goblins
  4 hobgoblins
  6 jackals
  2 kobolds (D:1)
  5 bats
  3 frilled lizards
  8 rats
35 creatures vanquished.

Notes
Turn   | Place    | Note
-------+----------+-------------------------------------------
     0 | D:1      | LostNumber the Kobold Assassin began the quest for the Orb.
     0 | D:1      | Reached XP level 1. HP: 12/12 MP: 1/1
   314 | D:1      | Reached XP level 2. HP: 18/18 MP: 2/2
  1177 | D:2      | Found an ornate altar of the Wu Jian Council.
  1186 | D:2      | Reached XP level 3. HP: 22/22 MP: 3/3
  1266 | D:2      | Found a stormy altar of Qazlal.
  1315 | D:2      | Became a worshipper of Qazlal Stormbringer
  1485 | D:2      | HP: 1/22 [gnoll/+0 whip (7)]
  1529 | D:1      | Slain by a gnoll

Vault maps used:
D:1:      denvon_arrival_waterhouse
D:2:      lemuel_crystal_altar, overflow_temple_1_default,
          hangedman_decor_clover_reticule, grunt_ministairs_2

Skill      XL: |  1  2  3 |
---------------+----------+-----
Short Blades   | 3 4 |  4.2
Fighting       | |  2.9
Throwing       | |  2.7
Dodging        | |  1.2
Stealth        | |  5.3

Action                   || total
-------------------------++-------
Melee: Dagger            ||   131
 Stab: Sleeping          ||    12
  Eat: Chunk             ||    10
Armor: Robe              ||    33
Dodge: Dodged            ||    86

Table legend:
 A = Non-vault XP
 B = Vault XP
 C = Vault XP percentage of total XP
 D = Non-vault monster count
 E = Vault monster count
 F = Vault count percentage of total count
                 A         B        C        D         E       F
            +---------+---------+-------+---------+---------+-------
      Total |      50 |      17 |  25.4 |      33 |       2 |   5.7
            +---------+---------+-------+---------+---------+-------
        D:1 |      25 |       0 |   0.0 |      17 |       0 |   0.0
        D:2 |      25 |      17 |  40.5 |      16 |       2 |  11.1
            +---------+---------+-------+---------+---------+-------
